Map: Galactic Process LE

Players

IronShadow - Winner!

  • Race: Zerg Zerg
  • League: Gold
  • Spawn Location: 1:00

Fropez

  • Race: Protoss Protoss
  • League: Gold
  • Spawn Location: 7:00

VOD

Have the link to the VOD?

Description

Time

  • Played on: Nov. 7, 2016, 5:40 p.m.
  • Length: 26:44
Show
View Real Time Build Order
Export as new Build Order

IronShadow Zerg - Winner!

Build Orders: Hatch First, Lurkers 

Get SALT Encoding   

  12  0:03  Drone  
  13  0:15  Drone  
  13  0:17  Overlord  
  14  0:35  Drone  
  14  0:36  Drone  
  14  0:37  Drone  
  17  0:56  Drone  
  18  0:57  Hatchery  
  18  1:03  Drone  
  18  1:10  Extractor  
  17  1:15  Drone  
  18  1:20  Spawning Pool  
  18  1:23  Drone  
  18  1:33  Drone  
  19  1:52  Drone  
  20  1:56  Overlord  
  20  2:10  Metabolic Boost  
  20  2:12  Queen x2  
  20  2:14  Zergling x4  
  27  2:22  Drone  
  27  2:23  Drone  
  28  2:42  Drone x4  
  32  2:49  Pneumatized Carapace  
  32  2:56  Overlord  
  32  2:58  Drone x2  
  34  3:14  Drone x3  
  38  3:27  Drone x5  
  38  3:28  Drone x2  
  44  3:39  Overlord x2  
  44  3:45  Extractor  
  43  3:54  Roach Warren  
  42  3:57  Hatchery  
  41  4:20  Drone x3  
  44  4:28  Evolution Chamber  
  43  4:34  Drone  
  43  4:35  Roach x5  
  43  4:36  Roach x2  
  58  4:55  Zerg Melee Weapons Level 1  
  58  4:58  Drone  
  59  5:04  Evolution Chamber  
  58  5:17  Drone x4  
  58  5:18  Drone x4  
  66  5:22  Overlord  
  66  5:30  Lair  
  66  5:32  Lair  
  66  5:39  Queen  
  68  5:51  Spore Crawler  
  68  5:56  Drone  
  69  5:57  Spore Crawler, Drone x5  
  69  5:58  Roach  
  69  5:59  Overlord  
  69  6:00  Overlord  
  74  6:36  Zerg Missile Weapons Level 1  
  74  6:37  Drone  
  74  6:38  Drone x4  
  74  6:39  Roach x3  
  87  6:40  Roach x2  
  87  6:43  Extractor  
  88  7:19  Roach  
  88  7:20  Overlord x3  
  88  7:21  Overlord x2  
  90  7:39  Drone x2  
  92  7:44  Hydralisk Den  
  92  7:49  Infestation Pit  
  90  7:58  Zerg Melee Weapons Level 2  
  90  8:05  Extractor  
  89  8:11  Roach x5  
  89  8:12  Zergling x2, Roach x2  
  104  8:15  Overseer  
  104  8:20  Lurker Den  
  104  8:22  Hydralisk x3  
  110  8:38  Extractor, Drone x4  
  110  8:39  Drone  
  114  8:42  Overseer  
  114  8:44  Overseer  
  114  8:47  Hatchery  
  113  8:57  Hydralisk x3  
  113  8:59  Zergling x12  
  113  9:00  Zergling x4  
  122  9:31  Drone x4  
  103  9:32  Drone x5  
  107  9:44  Hydralisk x5  
  111  9:57  Roach x2  
  111  9:58  Roach  
  110  10:19  Hydralisk, Roach x4  
  110  10:20  Roach  
  102  10:35  Queen  
  102  10:36  Queen x2  
  102  10:38  Queen  
  104  10:44  Drone x3  
  104  10:45  Drone x4  
  111  11:01  Drone x2  
  111  11:02  Drone x4  
  117  11:11  Queen x2  
  117  11:15  Hydralisk x4  
  129  11:23  Zerg Missile Weapons Level 2  
  129  11:28  Spore Crawler  
  129  11:29  Drone x3  
  129  11:30  Drone x5  
  136  12:10  Hive  
  136  12:17  Overlord x4  
  136  12:18  Overlord x6  
  136  12:25  Zerg Ground Armor Level 1  
  136  12:40  Drone x2  
  136  12:41  Drone  
  136  12:42  Drone x3  
  136  12:43  Drone  
  143  12:44  Drone x3  
  143  12:45  Drone x6  
  152  13:05  Glial Reconstitution  
  152  13:16  Zergling x8  
  152  13:17  Zergling x12  
  152  13:18  Zergling x4  
  163  13:57  Hatchery  
  163  13:59  Hydralisk x3  
  168  14:08  Drone x3  
  171  14:21  Hatchery  
  171  14:24  Lurker x4  
  171  14:25  Lurker x6  
  158  15:34  Ultralisk Cavern  
  157  15:58  Extractor  
  157  15:59  Extractor  
  155  16:14  Zerg Melee Weapons Level 3  
  155  16:15  Zerg Ground Armor Level 2  
  155  16:20  Adrenal Glands  
  155  16:34  Extractor  
  154  16:44  Ultralisk x2  
  151  17:31  Ultralisk x2  
  163  17:38  Drone x7  
  163  17:39  Drone  
  183  17:58  Ultralisk x2  
  174  18:21  Roach x5  
  174  18:22  Hydralisk x3, Roach x2  
  124  19:03  Hydralisk x4  
  124  19:04  Zergling x2, Roach x2  
  124  19:05  Zergling x4  
  96  19:19  Hatchery  
  96  19:20  Overseer  
  92  19:26  Zergling x8  
  92  19:27  Hydralisk x4, Zergling x2, Roach x3  
  111  19:34  Ultralisk  
  117  20:02  Ultralisk  
  123  20:11  Hydralisk x2  
  123  20:12  Zergling x4  
  123  20:13  Zergling x12  
  123  20:14  Zergling x8  
  139  20:34  Zergling x12  
  139  20:35  Zergling x14  
  150  20:36  Zergling x2  
  139  21:24  Spire  
  139  21:25  Spire  
  137  21:35  Extractor  
  137  21:36  Extractor  
  135  21:41  Ultralisk x3  
  135  21:42  Ultralisk x2  
  135  21:43  Overlord x5  
  135  21:44  Overlord  
  165  21:54  Overseer x2  
  165  22:29  Ultralisk x4  
  182  22:30  Zergling x8  
  182  22:31  Zergling x8  
  179  22:41  Corruptor x2  
  115  23:13  Hydralisk x2  
  115  23:14  Hydralisk  
  115  23:15  Corruptor x4  
  115  23:17  Hatchery  
  128  23:23  Greater Spire  
  128  23:58  Corruptor x2  
  128  23:59  Hydralisk x4  
  140  24:05  Hatchery  
  139  24:32  Extractor  
  138  24:42  Zergling x8  
  138  24:43  Zergling x12  
  138  24:44  Zergling x8  
  150  24:56  Corruptor x3  
  150  24:57  Zergling x6  
  150  24:58  Zergling x12  
  150  24:59  Zergling x4  
  167  25:03  Brood Lord x4  
  167  25:04  Brood Lord  
  178  25:14  Drone x3  
  178  25:15  Hydralisk x2  
  178  25:16  Hydralisk x2  
  188  25:23  Hydralisk x4  
  165  26:13  Brood Lord x5  
  165  26:14  Zergling x6  
  165  26:15  Zergling x6  
  175  26:31  Extractor  
  175  26:32  Hatchery  
Show
View Real Time Build Order
Export as new Build Order

Fropez Protoss 

Build Orders:  

Get SALT Encoding   

  12  0:01  Probe (Chrono Boost)  
  13  0:13  Probe (Chrono Boost)  
  14  0:20  Pylon  
  14  0:24  Probe (Chrono Boost)  
  15  0:39  Probe (Chrono Boost), Gateway  
  16  0:55  Probe (Chrono Boost)  
  17  1:00  Assimilator  
  17  1:05  Gateway  
  17  1:09  Gateway  
  17  1:16  Probe (Chrono Boost)  
  18  1:22  Pylon  
  18  1:26  Probe (Chrono Boost)  
  19  1:37  Probe (Chrono Boost)  
  20  1:49  Nexus  
  20  1:59  Pylon  
  20  2:01  Probe (Chrono Boost)  
  21  2:11  Probe (Chrono Boost)  
  22  2:19  Gateway  
  22  2:27  Cybernetics Core  
  22  2:30  Gateway  
  22  2:32  Probe (Chrono Boost)  
  23  2:42  Probe (Chrono Boost)  
  24  2:53  Probe (Chrono Boost)  
  25  3:05  Adept x2  
  29  3:06  Warp Gate (Chrono Boost)  
  29  3:09  Mothership Core (Chrono Boost)  
  32  3:13  Probe (Chrono Boost)  
  32  3:15  Assimilator  
  32  3:18  Adept  
  34  3:23  Probe (Chrono Boost)  
  35  3:28  Pylon  
  35  3:32  Adept  
  37  3:51  Twilight Council  
  37  3:57  Stalker  
  37  4:02  Adept  
  41  4:08  Assimilator  
  41  4:14  Probe, Gateway  
  41  4:16  Probe  
  43  4:26  Probe, Forge  
  43  4:28  Pylon, Resonating Glaives (Chrono Boost)  
  43  4:29  Probe  
  45  4:35  Adept  
  45  4:36  Adept  
  49  4:38  Probe  
  50  4:58  Probe x2  
  52  5:01  Protoss Ground Weapons Level 1 (Chrono Boost)  
  52  5:10  Probe  
  53  5:15  Adept x2  
  53  5:16  Adept x2  
  53  5:19  Probe  
  62  5:22  Probe  
  62  5:28  Pylon  
  63  5:31  Probe  
  63  5:34  Probe  
  65  5:35  Gateway  
  65  5:37  Gateway  
  65  5:41  Pylon  
  65  5:48  Probe  
  65  5:49  Probe  
  67  5:54  Assimilator  
  67  5:59  Pylon  
  67  6:04  Probe x2  
  69  6:05  Robotics Facility  
  69  6:08  Robotics Facility  
  69  6:10  Stalker  
  69  6:16  Probe, Stalker  
  72  6:22  Stalker x2  
  76  6:31  Probe x2  
  78  6:43  Probe  
  78  6:46  Gateway x2  
  79  6:52  Probe  
  80  6:56  Sentry x4  
  88  7:02  Probe  
  88  7:04  Probe  
  90  7:10  Gateway  
  90  7:14  Probe  
  89  7:16  Probe  
  89  7:21  Adept x2  
  94  7:28  Pylon  
  94  7:32  Gateway  
  94  7:33  Pylon  
  94  7:35  Pylon  
  94  7:45  Gateway  
  94  7:46  Probe x2  
  96  7:54  Adept x4  
  96  7:58  Probe x2  
  106  8:01  Immortal x2  
  114  8:13  Blink  
  114  8:16  Protoss Ground Weapons Level 2 (Chrono Boost)  
  114  8:27  Adept x2  
  118  8:48  Pylon  
  118  8:50  Pylon  
  118  8:56  Pylon  
  118  9:01  Pylon  
  118  9:03  Pylon  
  118  9:04  Pylon  
  118  9:09  Adept x3  
  124  9:10  Adept x4  
  110  10:04  Adept  
  110  10:05  Adept x4  
  110  10:06  Adept x4  
  118  10:24  Immortal x2  
  118  10:29  Protoss Ground Weapons Level 3 (Chrono Boost)  
  116  10:38  Robotics Bay  
  116  10:41  Dark Shrine  
  116  10:43  Gateway  
  116  10:44  Nexus, Pylon  
  116  10:49  Pylon  
  109  11:30  Probe x2  
  111  11:33  Gateway  
  111  11:36  Pylon  
  111  11:39  Assimilator  
  111  11:42  Immortal (Chrono Boost)  
  111  11:44  Assimilator  
  111  11:45  Pylon, Immortal (Chrono Boost)  
  111  11:46  Gravitic Drive  
  119  11:48  Pylon  
  119  11:49  Charge  
  119  11:53  Pylon  
  119  11:56  Pylon  
  119  12:09  Stalker  
  119  12:10  Stalker x4  
  129  12:31  Photon Cannon  
  129  12:33  Photon Cannon  
  129  12:38  Gateway  
  129  12:40  Gateway  
  129  12:44  Gateway  
  129  12:55  Warp Prism  
  131  13:02  Dark Templar x4  
  139  13:09  Pylon  
  139  13:13  Pylon  
  131  13:52  Adept x3  
  131  13:53  Adept x5  
  131  13:54  Adept x2  
  151  14:09  Immortal  
  151  14:13  Protoss Ground Armor Level 1 (Chrono Boost)  
  151  14:14  Immortal  
  159  14:22  Probe  
  160  14:24  Probe x2  
  162  14:41  Stalker x3  
  162  14:42  Stalker  
  168  15:21  Nexus  
  160  15:22  Pylon  
  160  15:24  Stalker  
  160  15:25  Stalker x3  
  166  15:49  Photon Cannon  
  166  15:52  Protoss Shields Level 1 (Chrono Boost), Gateway  
  166  15:55  Photon Cannon  
  166  15:59  Pylon  
  166  16:12  Dark Templar x3  
  172  16:35  Dark Templar x3  
  178  16:45  Dark Templar x2  
  178  16:46  Assimilator  
  182  16:49  Assimilator  
  178  16:56  Pylon  
  172  17:24  Dark Templar x3  
  172  17:25  Dark Templar  
  176  17:30  Gateway  
  176  17:45  Observer  
  176  17:47  Observer  
  172  17:58  Protoss Ground Armor Level 2 (Chrono Boost)  
  172  18:03  Observer  
  170  18:09  Observer  
  148  18:14  Stalker x4  
  148  18:15  Stalker x6  
  166  18:22  Observer  
  91  18:51  Dark Templar x3  
  91  18:52  Dark Templar x6  
  91  18:53  Dark Templar x2  
  83  19:18  Stalker x3  
  89  19:24  Archon x2  
  89  19:46  Dark Templar  
  89  19:47  Dark Templar x2  
  89  19:50  Zealot x6  
  89  19:51  Zealot x5  
  117  19:56  Protoss Shields Level 2 (Chrono Boost)  
  117  19:58  Nexus, Pylon  
  117  19:59  Pylon  
  117  20:02  Assimilator  
  117  20:05  Assimilator  
  117  20:10  Pylon  
  117  20:19  Warp Prism  
  117  20:21  Warp Prism  
  121  20:34  Zealot x5  
  131  20:50  Immortal  
  135  20:58  Immortal  
  121  21:15  Zealot x2  
  121  21:16  Zealot x6  
  121  21:17  Zealot x2  
  141  21:27  Probe  
  141  21:29  Probe x2  
  144  21:38  Probe  
  145  21:54  Protoss Ground Armor Level 3 (Chrono Boost)  
  145  21:55  Zealot x3  
  145  21:56  Zealot x5  
  145  21:59  Probe  
  145  22:01  Probe  
  163  22:14  Zealot  
  163  22:15  Zealot x4  
  148  22:21  Nexus  
  146  22:24  Pylon  
  144  22:38  Dark Templar x3  
  88  23:09  Dark Templar x4  
  88  23:10  Dark Templar  
  98  23:34  Probe  
  99  23:48  Probe x2  
  99  23:50  Probe x2  
  103  23:58  Probe  
  104  24:04  Assimilator  
  104  24:08  Assimilator  
  104  24:25  Dark Templar x3  
  104  24:26  Dark Templar x3  
  104  24:56  Dark Templar  
  104  24:57  Dark Templar x4  
  114  25:23  Nexus  
  114  25:26  Pylon  
  114  25:27  Zealot x2  
  118  25:28  Assimilator  
  118  25:30  Assimilator  
  118  25:32  Pylon  
  118  25:33  Archon x4  
  118  25:34  Archon  
  117  25:55  Dark Templar x3  
  117  25:56  Stalker x2  
  113  25:58  Stalker  
Tags
 
Composition
Lurkers
League
GoldGold
Matchup
PvZ
Replay Pack
All Mines
Spawn Locations
Cross Positions
Add a new tag
Caveats
  • Supply blocks, unpowered buildings, or Contaminate may cause inaccurate times.
  • Supply counts are checked every 10 seconds.